 Dungeon Crawl Stone Soup version 0.17.1-1-g73c8601 (webtiles) character file.

358711 Peloso the Minotaur Barricade (level 21, -10/194 HPs)
             Began as a Minotaur Fighter on Dec 27, 2015.
             Was a High Priest of Okawaru.
             Mangled by a war gargoyle
             ... wielding a +0 great mace
              (13 damage)
             ... on level 3 of the Depths.
             The game lasted 04:21:30 (64916 turns).

Peloso the Minotaur Barricade (Minotaur Fighter)   Turns: 64916, Time: 04:21:30

Health: -10/194    AC: 34    Str: 29    XL:     21   Next: 44%
Magic:  0/23       EV:  4    Int:  1    God:    Okawaru [*****.]
Gold:   6257       SH: 37    Dex: 12    Spells: 0 memorised, 20 levels left

rFire  + + +     SeeInvis +     G - +4 scimitar "Guk Yru" {freeze, +Inv rPois rF+}
rCold  + + .     Clarity  .     Z - +5 gold dragon armour
rNeg   + + +     SustAt   .     J - +18 shield of the gong {rElec rN+ MR+ EV-5}
rPois  +         Gourm    .     Q - +2 hat {Spirit}
rElec  +         Spirit   +     p - +1 cloak {rPois}
rCorr  +         Warding  .     N - +2 pair of gloves
rMut   .         Stasis   .     (no boots)
MR     ++++.                    M - amulet of resist corrosion
Stlth  ..........               T - ring of see invisible
                                z - ring "Digeg" {+Inv rElec rN+++ MR++ Int-4}

@: resistant, very slightly contaminated, hasted, very quick, incredibly
resistant to hostile enchantments, extremely unstealthy
A: retaliatory headbutt, horns 2
a: Heroism, Finesse, Renounce Religion, Evoke Invisibility
}: 2/15 runes: decaying, gossamer


You were on level 3 of the Depths.
You worshipped Okawaru.
Okawaru was extremely pleased with you.
You were very hungry.

You visited 8 branches of the dungeon, and saw 42 of its levels.
You also visited: Trove, Sewer, Ossuary and Ice Cave.

You collected 6487 gold pieces.
You spent 230 gold pieces at shops.

Inventory:

Hand Weapons
 r - a +2 long sword of slicing
 s - a +5 demon blade
 u - a +4 demon blade
 G - the +4 scimitar "Guk Yru" (weapon) {freeze, +Inv rPois rF+}
   (You found it on level 2 of the Depths)

   It has been specially enchanted to freeze those struck by it, causing extra
   injury to most foes and up to half again as much damage against particularly
   susceptible opponents.
   It can also slow down cold-blooded creatures.
   It protects you from fire.
   It protects you from poison.
   It lets you turn invisible.
 P - a +4 demon blade of protection
Armour
 p - a +1 cloak of poison resistance (worn)
 w - a +1 fire dragon armour
 y - a +1 large shield of protection
 J - the +18 shield of the gong (worn) {rElec rN+ MR+ EV-5}
   (You found it on level 11 of the Dungeon)

   It affects your evasion (-5).
   It insulates you from electricity.
   It protects you from negative energy.
   It affects your resistance to hostile enchantments.
 K - the +8 chain mail "Yguylew" {+Fly MR++ Stlth-}
   (Okawaru gifted it to you on level 7 of the Lair of Beasts)

   It affects your resistance to hostile enchantments.
   It lets you fly.
   It makes you less stealthy.
 N - a +2 pair of gloves (worn)
 Q - a +2 hat of spirit shield (worn)
 Z - a +5 gold dragon armour (worn)
Jewellery
 z - the ring "Digeg" (left hand) {+Inv rElec rN+++ MR++ Int-4}
   (You found it in a treasure trove)

   [ring of invisibility]

   It affects your intelligence (-4).
   It insulates you from electricity.
   It renders you almost immune to negative energy.
   It affects your resistance to hostile enchantments.
   It lets you turn invisible.
 A - the ring of Idietel {rF+ AC+5}
   (You took it off a deep elf demonologist on level 3 of the Elven Halls)

   [ring of protection]

   It affects your AC (+5).
   It protects you from fire.
 B - an uncursed amulet of resist mutation
 D - a +3 ring of slaying
 F - an uncursed ring of positive energy
 M - an amulet of resist corrosion (around neck)
 T - a ring of see invisible (right hand)
Wands
 a - a wand of digging (13)
 b - a wand of teleportation (5)
 U - a wand of cold (6)
Scrolls
 g - a scroll of amnesia
 h - a scroll of blinking
 i - 13 scrolls of remove curse
 m - 3 scrolls of recharging
 C - a scroll of summoning
 E - 13 scrolls of identify
 H - 4 scrolls of fear
 I - 4 scrolls of fog
 L - 2 scrolls of silence
 R - 6 scrolls of magic mapping
 S - 5 scrolls of teleportation
Potions
 c - a potion of invisibility
 d - 4 potions of might
 j - 8 potions of curing
 k - 2 potions of haste
 n - 3 potions of agility
 q - a potion of resistance
 t - a potion of magic
 v - a potion of berserk rage
 O - a potion of brilliance
Books
 f - the Reference Book on Hurtful Heat
   (You found it on level 1 of the Depths)

   Spells                             Type                      Level
   a - Flame Tongue                   Conjuration/Fire             1
   b - Throw Flame                    Conjuration/Fire             2
   c - Ignite Poison                  Fire/Transmutation/Poison    3
   d - Sticky Flame                   Conjuration/Fire             4
   e - Delayed Fireball               Conjuration/Fire             7
Comestibles
 e - 26 bread rations
 l - 31 fruits
 o - 22 meat rations


   Skills:
 + Level 18.2 Fighting
 + Level 22.1 Long Blades
 + Level 17.0 Armour
 + Level 7.3 Dodging
 + Level 1.9 Stealth
 O Level 27 Shields
 + Level 4.4 Invocations
 + Level 0.3 Evocations


You had 20 spell levels left.
You didn't know any spells.

Dungeon Overview and Level Annotations

Branches:
Dungeon (15/15)            Temple (1/1) D:6            Lair (8/8) D:10
  Swamp (4/4) Lair:6       Spider (4/4) Lair:5        Slime (0/6) Lair:6
    Orc (4/4) D:11            Elf (3/3) Orc:4        Vaults (0/5) D:13
 Depths (3/5) D:15

Altars:
Ashenzari
Cheibriados
Dithmenos
Elyvilon
Fedhas
Gozag
Kikubaaqudgha
Makhleb
Nemelex Xobeh
Okawaru
Qazlal
Ru
Sif Muna
Trog
Vehumet
Xom
Yredelemnul
Zin
The Shining One
Beogh
Lugonu

Shops:
D:7 *   Orc:4 ([[(}   Elf:3 *   Depths:2 *:[(

Portals:
Hell: Depths:1 Depths:2
Abyss: Depths:1

Annotations:
Lair:3 exclusion: 4 oklob plants


Innate Abilities, Weirdness & Mutations

You reflexively headbutt those who attack you in melee.
You have a pair of horns on your head.


Message History

The giant orange brain is heavily wounded.
The golden eye changes into a tengu!
You block the crystal guardian's attack.
BONNNG!
You hear a trumpeting!
You hear a screech!
Unknown command.
You completely miss the giant orange brain.
The giant orange brain is heavily wounded.
The war gargoyle hits you with a great mace.
* * * LOW HITPOINT WARNING * * *
Unknown command.
You slice the giant orange brain!! You freeze the giant orange brain.
The giant orange brain is almost dead.
The crystal guardian fires a crystalline bolt at you.
The crystal bolt misses you.
The tengu moves out of view.
Unknown command.
You slice the giant orange brain!! You freeze the giant orange brain.
You kill the giant orange brain!
Okawaru accepts your kill.
The war gargoyle hits you with a great mace!
You die...

**≈≈,,,,,,,*
#..##,,#§§###....#
,*≈≈,,,,,,,*
#..#*,$≈≈#*##....#
,*≈≈,,...,,* #.##*.≈≈#*
#.....# ,*≈≈,,...,,*
#.#*#§≈#* ##.....#
,*≈≈,,...E,* #.##≈≈#*
##....### **≈≈,,.....*
#.#≈≈#* ##.....#
≈≈≈,,,.....#* #.≈≈#*
##.....## ≈≈,,,,......#*
#.≈## ##......##
,,,,,,......v###@##
##.....#..##
,,,,,,§§§..>(8898#
##..).####..#
,,,,,,.....†G#######.)..##
##.## ≈≈,,,,.....†#*
#....## ##.. ≈≈≈,,,.....#*
#...## ##.. **≈≈,,.....*
#.### #... ,*≈≈,,....,*
#.### #... ,*≈≈,,...,,*
#...## #... ,*≈≈,,...,,*
#....### ##.}


You could see 3 crystal guardians, a giant orange brain, a war gargoyle and a
broad axe of flaming.

Vanquished Creatures
  Mara (Depths:2)
  Sojobo (Depths:1)
  Margery (Depths:1)
  Norris (Spider:4)
  Saint Roka (Orc:4)
  Nikola (Spider:3)
  Jorgrun (Depths:1)
  A tentacled monstrosity (Depths:1)
  Rupert (Orc:3)
  Asterion (Depths:1)
  A deep elf blademaster (Elf:3)
  The ghost of catsarecewl the Executioner, an adept MiFi of Okawaru (Spider:4)
  2 deep elf master archers (Elf:3)
  8 thorn hunters
  Kirke (D:12)
  A shadow dragon (shapeshifter) (Depths:3)
  A fire giant (Depths:1)
  3 tengu reavers (Depths:1)
  Donald (Swamp:2)
  An azure jelly (shapeshifter) (Depths:3)
  7 deep elf sorcerers (Elf:3)
  Aizul (Elf:1)
  An orc warlord (Orc:3)
  2 frost giants
  3 very ugly things
  3 ghost moths
  12 emperor scorpions
  A caustic shrike skeleton (Depths:2)
  A war gargoyle (Depths:3)
  5 stone giants
  A vampire knight (Depths:1)
  Azrael (D:13)
  10 deep elf annihilators
  8 deep elf demonologists
  Snorg (D:13)
  5 deep elf death magi
  5 crystal guardians (Depths:3)
  3 fire dragons (Depths:1)
  6 entropy weavers
  2 ettins
  Josephine (Orc:4)
  A vault guard (D:14)
  3 jiangshi (Depths:1)
  2 yaktaur captains
  Fannar (D:10)
  3 deep elf high priests
  3 great orbs of eyes (Depths:1)
  Harold (Orc:3)
  An entropy weaver (shapeshifter) (Depths:3)
  5 ice dragons
  6 rakshasas
  3 ghost crabs
  25 hydras
  4 centaur warriors
  5 ogre magi
  5 deep troll earth magi
  17 dancing weapons
  15 alligators
  23 death yaks
  3 deep troll shamans
  A vampire mage (Depths:1)
  2 tengu warriors (Depths:1)
  A shock serpent (Depths:3)
  2 iron trolls (Depths:1)
  A small abomination (Elf:2)
  18 deep elf knights
  An ice devil (IceCv)
  3 hell knights (Depths:1)
  A fire crab (Depths:1)
  5 spriggan druids
  2 shambling mangroves
  2 giant orange brains (shapeshifter) (Depths:1)
  3 flayed ghosts (Depths:2)
  3 unseen horrors
  5 giant orange brains (Depths:3)
  9 swamp dragons
  15 deep elf summoners
  15 deep trolls
  An orange crystal statue (D:8)
  A wizard (D:13)
  An anubis guard (shapeshifter) (Depths:1)
  Pikel (D:4)
  A phantasmal warrior (D:14)
  A sphinx zombie (Depths:1)
  14 deep elf conjurers
  7 orc sorcerers
  3 orc knights
  20 orb spiders
  4 griffons
  A lindwurm (Depths:1)
  5 hill giants
  6 necromancers
  A fire giant zombie (Depths:1)
  A wolf spider zombie (D:15)
  23 ugly things
  2 moths of wrath (Spider:4)
  2 cyclopes
  26 wolf spiders
  5 hornets
  21 elephants
  2 manticores
  A moth of wrath (shapeshifter) (D:15)
  7 molten gargoyles
  4 ice statues
  4 black mambas
  Psyche (D:8)
  2 naga magi (D:15)
  An octopode (shapeshifter) (Depths:1)
  A yaktaur (Depths:1)
  A spiny frog (shapeshifter) (Depths:3)
  3 gargoyles
  35 spiny frogs
  13 komodo dragons
  10 demonic crawlers
  3 fire drakes
  14 deep elf priests
  2 tengu conjurers
  2 polar bears
  A yaktaur (shapeshifter) (Depths:3)
  11 two-headed ogres
  19 jumping spiders
  4 trolls
  6 blue devils (IceCv)
  23 blink frogs
  8 giant leeches
  A wind drake (shapeshifter) (Elf:2)
  A two-headed ogre (shapeshifter) (D:12)
  3 boulder beetles
  11 bog bodies
  19 slime creatures
  A sphinx simulacrum (Depths:2)
  A fire giant simulacrum (Depths:1)
  24 trapdoor spiders
  2 air elementals (Depths:3)
  A human (D:13)
  55 redbacks
  9 spriggans
  3 centaur simulacra
  An ettin skeleton (Depths:2)
  A tarantella (shapeshifter) (Depths:3)
  28 tarantellas
  2 basilisks
  11 water elementals
  5 wraiths
  5 shadows
  6 wyverns
  2 hungry ghosts (D:14)
  24 yaks
  12 fire elementals
  22 deep elf magi
  32 vampire mosquitoes
  15 hippogriffs
  25 deep elf fighters
  A steam dragon (D:9)
  28 swamp worms
  A soldier ant (shapeshifter) (D:14)
  10 insubstantial wisps
  10 wolves
  2 hell hounds (D:13)
  10 wargs
  2 mottled dragons
  14 water moccasins
  12 ice beasts
  A wasp (shapeshifter) (Depths:3)
  10 swamp drakes
  3 sky beasts
  2 black bears
  34 spiders
  17 wasps
  An eye of draining (D:11)
  20 porcupines
  40 orc warriors
  A slave (D:4)
  A necrophage (D:8)
  27 ogres
  A tengu (shapeshifter) (D:15)
  A crocodile (shapeshifter) (Elf:1)
  19 crocodiles
  Blork the orc (D:4)
  16 centaurs
  9 earth elementals (Depths:3)
  5 big kobolds
  45 giant frogs
  3 wyvern skeletons
  A brain worm (shapeshifter) (D:14)
  A water moccasin skeleton (D:8)
  8 scorpions
  The ghost of xash the Cudgeler, a weakling DrWr (D:3)
  25 killer bees
  A scorpion (shapeshifter) (D:14)
  6 lava snakes
  2 electric eels
  3 draconian simulacra (IceCv)
  11 crimson imps
  5 centaur skeletons
  7 centaur zombies
  A giant frog zombie (D:13)
  8 wights
  37 orc wizards
  A wyvern simulacrum (D:14)
  2 giant frog skeletons
  9 hounds
  4 troll simulacra (IceCv)
  13 worker ants
  Jessica (D:3)
  8 iguanas
  7 jellies
  24 orc priests
  A quasit (D:9)
  A spriggan simulacrum (IceCv)
  A hell rat (D:10)
  A killer bee zombie (D:11)
  23 sheep
  A big kobold zombie (Ossuary)
  2 hound zombies
  A hound skeleton (D:7)
  8 mummies (Ossuary)
  2 worker ant zombies
  8 gnolls
  An ogre simulacrum (IceCv)
  43 river rats
  17 adders
  2 shadow imps
  4 oozes
  4 worms
  An adder skeleton (D:4)
  7 giant geckos
  188 orcs
  7 giant cockroaches
  9 hobgoblins
  8 jackals
  11 quokkas
  A ball python (D:1)
  12 bats
  A giant gecko skeleton (D:6)
  6 giant newts
  A gnoll zombie (Ossuary)
  6 goblins
  A jackal zombie (D:6)
  25 kobolds
  3 kobold zombies (Ossuary)
  3 orc zombies (Ossuary)
  A quokka skeleton (D:6)
  14 rats
  3 briar patches (Swamp:4)
  2 crawling corpses (Elf:2)
  A fire vortex (D:14)
  A fungus (Swamp:2)
  5 plants
1941 creatures vanquished.

Vanquished Creatures (others)
  A thorn hunter (Swamp:4)
  A deep elf high priest (Elf:3)
  2 hydras (Swamp:4)
  An anaconda (shapeshifter) (Depths:3)
  6 ball lightnings (Depths:3)
  3 swamp dragons (Swamp:4)
  A jumping spider (Spider:4)
  2 air elementals (Depths:3)
  A blink frog (Swamp:4)
  A spriggan (Swamp:1)
  A spriggan (shapeshifter) (Depths:3)
  9 water elementals
  A tarantella (Spider:4)
  A warg (Orc:1)
  A spider (Spider:4)
  4 swamp drakes (Swamp:4)
  2 boggarts (shapeshifter)
  A brain worm (shapeshifter) (Depths:3)
  A worker ant (D:13)
  A worker ant (shapeshifter) (Depths:3)
  A worm (shapeshifter) (Depths:3)
  An orc (Orc:1)
  A giant cockroach (shapeshifter) (Depths:3)
  3 briar patches
  21 fungi
  71 plants
  5 tentacles (Swamp:1)
  119 tentacle segments (Swamp:1)
263 creatures vanquished.

Grand Total: 2204 creatures vanquished

Notes
Turn   | Place    | Note
--------------------------------------------------------------
     0 | D:1      | Peloso the Minotaur Fighter began the quest for the Orb.
     0 | D:1      | Reached XP level 1. HP: 19/19 MP: 0/0
   253 | D:1      | Reached XP level 2. HP: 27/27 MP: 1/1
   290 | D:1      | Reached skill level 4 in Fighting
   684 | D:1      | Reached XP level 3. HP: 30/33 MP: 2/2
   901 | D:2      | Found a shimmering altar of Xom.
  1071 | D:2      | Found a stormy altar of Qazlal.
  1077 | D:2      | Found a bloodstained altar of Trog.
  1246 | D:2      | Reached XP level 4. HP: 38/41 MP: 3/3
  1692 | D:3      | Noticed Jessica
  1700 | D:3      | Killed Jessica
  1700 | D:3      | Reached XP level 5. HP: 38/47 MP: 4/4
  1714 | D:3      | Reached skill level 5 in Shields
  1857 | D:3      | Noticed xash's ghost (weakling DrWr)
  1884 | D:3      | Killed xash's ghost
  1884 | D:3      | Reached skill level 5 in Fighting
  1884 | D:3      | Reached skill level 5 in Armour
  1884 | D:3      | Reached XP level 6. HP: 44/56 MP: 5/5
  2581 | D:4      | Found an iron altar of Okawaru.
  2584 | D:4      | Became a worshipper of Warmaster Okawaru
  2603 | D:4      | Noticed Blork the orc
  2613 | D:4      | Killed Blork the orc
  2613 | D:4      | Reached skill level 6 in Shields
  2748 | D:4      | Found a glowing drain.
  2752 | Sewer    | Entered a sewer
  2860 | Sewer    | Found a white marble altar of Elyvilon.
  2968 | D:4      | Reached XP level 7. HP: 56/61 MP: 6/6
  2985 | D:4      | Noticed Pikel
  3023 | D:4      | Killed Pikel
  3023 | D:4      | Reached * piety under Okawaru
  3023 | D:4      | Reached skill level 5 in Long Blades
  3023 | D:4      | Reached skill level 1 in Dodging
  3023 | D:4      | Reached skill level 7 in Shields
  3233 | D:4      | Found a shadowy altar of Dithmenos.
  3295 | D:4      | Reached XP level 8. HP: 65/70 MP: 7/7
  3526 | D:5      | Entered Level 5 of the Dungeon
  3738 | D:5      | Found a stormy altar of Qazlal.
  3861 | D:5      | Found a glowing silver altar of Zin.
  3868 | D:5      | Reached skill level 8 in Shields
  4005 | D:5      | Reached ** piety under Okawaru
  4306 | D:5      | Found a blossoming altar of Fedhas.
  4378 | D:6      | Found a deep blue altar of Sif Muna.
  4430 | D:6      | Found a staircase to the Ecumenical Temple.
  4461 | Temple   | Entered the Ecumenical Temple
  4653 | D:6      | Reached skill level 9 in Shields
  4706 | D:6      | Reached XP level 9. HP: 73/79 MP: 8/8
  4808 | D:6      | Reached *** piety under Okawaru
  4976 | D:7      | Found a sand-covered staircase.
  4982 | Ossuary  | Entered an ossuary
  6103 | D:7      | Found Unliejer's General Store.
  6502 | D:8      | Noticed Psyche
  6509 | D:8      | Killed Psyche
  6509 | D:8      | Reached skill level 10 in Shields
  6647 | D:8      | Noticed an ice statue
  6763 | D:8      | Reached **** piety under Okawaru
  7466 | D:8      | Noticed an orange crystal statue
  7884 | D:9      | Reached XP level 10. HP: 72/90 MP: 9/9
  8273 | D:9      | Found an opulent altar of Gozag.
  8491 | D:9      | Found a shattered altar of Ashenzari.
  8656 | D:10     | Entered Level 10 of the Dungeon
  8674 | D:10     | Reached skill level 11 in Shields
  9013 | D:10     | Found a staircase to the Lair.
  9013 | D:10     | Noticed Fannar
  9036 | D:10     | Reached skill level 10 in Armour
  9089 | D:10     | Killed Fannar
  9089 | D:10     | Reached ***** piety under Okawaru
  9629 | D:10     | Reached skill level 12 in Shields
  9629 | D:10     | Reached XP level 11. HP: 90/99 MP: 8/10
  9835 | D:10     | Reached skill level 10 in Fighting
 10288 | D:11     | Reached skill level 10 in Long Blades
 10717 | D:11     | Found a staircase to the Orcish Mines.
 10718 | D:11     | Noticed a hill giant
 10730 | D:11     | Killed a hill giant
 10757 | D:11     | Killed an unseen horror
 10757 | D:11     | Received a gift from Okawaru
 10760 | D:11     | Got a fine plate armour {god gift}
 10976 | D:11     | Identified the +1 plate armour "Meyv" {Str+5} (Okawaru gifted it to you on level 11 of the Dungeon)
 11656 | D:12     | Noticed a hill giant
 11669 | D:12     | Killed a hill giant
 11798 | D:12     | Reached skill level 13 in Shields
 12360 | D:12     | Noticed Kirke
 12375 | D:12     | Killed Kirke
 12375 | D:12     | Reached skill level 14 in Shields
 12375 | D:12     | Reached XP level 12. HP: 93/110 MP: 9/11
 12703 | D:13     | Noticed Azrael
 12775 | D:13     | Reached ****** piety under Okawaru
 13141 | D:13     | Killed Azrael
 13141 | D:13     | Received a gift from Okawaru
 13418 | D:13     | Found a gate to the Vaults.
 13534 | D:13     | Noticed a centaur warrior
 13539 | D:13     | Killed a centaur warrior
 13539 | D:13     | Reached skill level 1 in Invocations
 13701 | D:13     | Noticed Snorg
 13714 | D:13     | Killed Snorg
 13714 | D:13     | Reached skill level 15 in Shields
 14209 | D:14     | Reached XP level 13. HP: 91/117 MP: 9/12
 14267 | D:14     | Noticed a centaur warrior
 14275 | D:14     | Killed a centaur warrior
 14275 | D:14     | Received a gift from Okawaru
 14981 | D:14     | Reached skill level 16 in Shields
 14999 | D:14     | Noticed a yaktaur captain
 15012 | D:14     | Killed a yaktaur captain
 15339 | D:15     | Entered Level 15 of the Dungeon
 16349 | D:15     | Found a portal to a secret trove of treasure.
 16427 | D:15     | Received a gift from Okawaru
 16427 | D:15     | Reached skill level 17 in Shields
 16492 | D:15     | Found a staircase to the Depths.
 16506 | D:15     | Reached XP level 14. HP: 83/127 MP: 9/13
 17098 | Orc:1    | Entered Level 1 of the Orcish Mines
 17499 | Orc:2    | Found a frozen archway.
 17602 | IceCv    | Entered an ice cave
 18085 | IceCv    | Got a bloodstained arbalest
 18468 | Orc:3    | Noticed Harold
 18492 | Orc:3    | Killed Harold
 18650 | Orc:3    | Noticed Rupert
 18653 | Orc:3    | Paralysed by Rupert for 5 turns
 18668 | Orc:3    | Killed Rupert
 18668 | Orc:3    | Reached skill level 1 in Stealth
 18813 | Orc:4    | Entered Level 4 of the Orcish Mines
 18898 | Orc:4    | Found a roughly hewn altar of Beogh.
 19271 | Orc:3    | Reached skill level 15 in Long Blades
 19324 | Orc:4    | Paralysed by an orc sorcerer for 6 turns
 19327 | Orc:4    | Noticed an orc warlord
 19343 | Orc:3    | Reached skill level 18 in Shields
 19529 | Orc:3    | Received a gift from Okawaru
 19546 | Orc:3    | Killed an orc warlord
 19697 | Orc:4    | Found Nuwk's Antique Weapon Boutique.
 19717 | Orc:4    | Found a staircase to the Elven Halls.
 19957 | Orc:4    | Noticed Josephine
 19974 | Orc:4    | Killed Josephine
 20155 | Orc:4    | Found a roughly hewn altar of Beogh.
 20278 | Orc:4    | Found a roughly hewn altar of Beogh.
 20296 | Orc:4    | Noticed Saint Roka
 20403 | Orc:4    | Killed Saint Roka
 20403 | Orc:4    | Received a gift from Okawaru
 20404 | Orc:4    | Found Ditsixoj's Antique Weapon Boutique.
 20409 | Orc:4    | Found a roughly hewn altar of Beogh.
 20451 | Orc:4    | Found Esugio's Antique Armour Shop.
 20548 | Orc:4    | Found a roughly hewn altar of Beogh.
 20577 | Orc:4    | Found Kudedeplis's Gadget Boutique.
 20646 | Orc:4    | Found Akhy's Antique Armour Shoppe.
 21641 | Elf:1    | Entered Level 1 of the Elven Halls
 21784 | Elf:1    | Noticed Aizul
 21797 | Elf:1    | Killed Aizul
 21797 | Elf:1    | Reached skill level 19 in Shields
 21815 | Elf:1    | Reached XP level 15. HP: 26/136 MP: 3/15
 22289 | Elf:1    | Noticed an Ice Fiend
 22304 | Elf:1    | Noticed a Brimstone Fiend
 22651 | Elf:1    | Reached skill level 5 in Dodging
 22684 | Elf:1    | Identified the Guide on Slavery
 23433 | Elf:1    | Received a gift from Okawaru
 24549 | Elf:2    | Found a runed gate.
 24551 | Elf:2    | Found a runed gate.
 24551 | Elf:2    | Found a runed gate.
 24934 | Elf:2    | Reached skill level 20 in Shields
 26659 | Lair:1   | Entered Level 1 of the Lair of Beasts
 27165 | Lair:2   | Reached XP level 16. HP: 141/146 MP: 16/16
 29743 | Lair:5   | Got a smoking ice dragon armour
 29754 | Lair:5   | Identified the +3 ice dragon armour "Wohuelog" {*Confuse +Blink rF- rC++ Str+4 Int+10} (You found it on level 5 of the Lair of Beasts)
 30016 | Lair:5   | Identified a scroll of acquirement
 30144 | Lair:5   | Reached skill level 21 in Shields
 30316 | Lair:5   | Found a hole to the Spider Nest.
 30502 | Lair:6   | Found a staircase to the Slime Pits.
 30535 | Lair:6   | Received a gift from Okawaru
 30983 | Lair:6   | Found a staircase to the Swamp.
 31723 | Lair:7   | Received a gift from Okawaru
 32226 | Lair:8   | Entered Level 8 of the Lair of Beasts
 32840 | Lair:6   | Reached skill level 22 in Shields
 33087 | Lair:7   | Received a gift from Okawaru
 33491 | Lair:7   | Reached XP level 17. HP: 71/154 MP: 8/17
 33518 | Lair:7   | Received a gift from Okawaru
 33534 | Lair:7   | Got a spiked chain mail {god gift}
 33783 | Lair:7   | Identified the +8 chain mail "Yguylew" {+Fly MR++ Stlth-} (Okawaru gifted it to you on level 7 of the Lair of Beasts)
 34618 | Lair:8   | Reached skill level 15 in Fighting
 34626 | Lair:8   | Got an ancient steel amulet
 34631 | Lair:8   | Identified the amulet of Cacriod {+Rage rElec rF+ rC++ Str-3} (You found it on level 8 of the Lair of Beasts)
 35375 | D:8      | Killed an ice statue
 35435 | D:8      | Killed an orange crystal statue
 37128 | Elf:3    | Entered Level 3 of the Elven Halls
 37387 | Elf:3    | Got a flickering silver ring
 37430 | Elf:3    | Received a gift from Okawaru
 37717 | Elf:3    | Identified the ring of Idietel {rF+ AC+5} (You took it off a deep elf demonologist on level 3 of the Elven Halls)
 37821 | Elf:3    | Reached skill level 23 in Shields
 37839 | Elf:3    | Received a gift from Okawaru
 38053 | Elf:3    | Found Nuecwap's Assorted Antiques.
 38061 | Elf:3    | Bought a shimmering amber ring for 115 gold pieces
 38063 | Elf:3    | Identified the ring "Piffuwog" {rPois Str+3} (You bought it in a shop on level 3 of the Elven Halls)
 38068 | Elf:3    | Bought a shiny bone ring for 115 gold pieces
 38288 | Elf:3    | Noticed an Ice Fiend
 39076 | Elf:3    | Got an ancient shield
 39090 | Elf:3    | Identified the +3 shield of Resourcefulness {rN++ SInv} (You found it on level 3 of the Elven Halls)
 39518 | Elf:2    | Reached XP level 18. HP: 163/163 MP: 18/18
 40200 | Spider:1 | Entered Level 1 of the Spider Nest
 40404 | Spider:1 | Received a gift from Okawaru
 41821 | D:15     | You paid a toll of 2 scrolls of acquirement to enter a treasure trove
 41822 | Trove    | Entered a treasure trove
 41873 | Trove    | Got a translucent rapier
 41887 | Trove    | Got a pitted steel ring
 41892 | Trove    | Identified the ring "Digeg" {+Inv rElec rN+++ MR++ Int-4} (You found it in a treasure trove)
 42465 | Temple   | Identified the +5 rapier "Zoism" {flame, Str+3} (You found it in a treasure trove)
 43970 | Spider:2 | Received a gift from Okawaru
 43978 | Spider:2 | Reached skill level 15 in Armour
 44275 | Spider:2 | Reached skill level 24 in Shields
 45983 | Spider:4 | Entered Level 4 of the Spider Nest
 46195 | Spider:4 | Noticed Nikola
 46250 | Spider:3 | Received a gift from Okawaru
 46263 | Spider:4 | Noticed catsarecewl's ghost (adept MiFi)
 46293 | Spider:4 | Killed catsarecewl's ghost
 46318 | Spider:3 | Killed Nikola
 47200 | Spider:4 | Noticed Norris
 47201 | Spider:4 | Lost intelligence.
 48183 | Spider:4 | Reached XP level 19. HP: 139/172 MP: 0/20
 48200 | Spider:4 | Killed Norris
 48657 | Spider:4 | Got a gossamer rune of Zot
 48842 | Spider:4 | Got a scorched shield
 48853 | Spider:4 | Identified the +5 shield of Toiperel {rPois rC++ MR- Int+3} (You found it on level 4 of the Spider Nest)
 49235 | Spider:3 | Received a gift from Okawaru
 50100 | Swamp:1  | Entered Level 1 of the Swamp
 50215 | Swamp:1  | Reached skill level 25 in Shields
 51054 | Swamp:2  | Noticed Donald
 51079 | Swamp:2  | Killed Donald
 53906 | Swamp:4  | Entered Level 4 of the Swamp
 54531 | Swamp:4  | Received a gift from Okawaru
 55261 | Swamp:4  | Got a decaying rune of Zot
 55489 | Swamp:4  | Reached XP level 20. HP: 70/183 MP: 8/21
 57034 | Depths:1 | Entered Level 1 of the Depths
 57530 | D:15     | Reached skill level 26 in Shields
 57841 | Depths:1 | Identified the Reference Book on Hurtful Heat
 58012 | Depths:1 | Noticed Margery
 58069 | Depths:1 | Killed Margery
 58284 | Depths:1 | Noticed Jorgrun
 58365 | Depths:1 | Killed Jorgrun
 59255 | Depths:1 | Found a gateway to Hell.
 59258 | Depths:1 | Found a corrupted altar of Lugonu.
 59258 | Depths:1 | Found a one-way gate to the infinite horrors of the Abyss.
 60083 | Depths:2 | Noticed Mara
 60109 | Depths:2 | Noticed Asterion
 60112 | Depths:2 | Noticed Sojobo
 60314 | Depths:1 | Received a gift from Okawaru
 60425 | Depths:1 | Killed Asterion
 60432 | Depths:1 | Got an ancient chain mail
 60449 | Depths:1 | Identified the cursed +1 chain mail "Buvvaip" {Str+4} (You took it off Asterion on level 1 of the Depths)
 60754 | Depths:1 | Killed Sojobo
 61184 | Depths:2 | Noticed Peloso's illusion
 61389 | Depths:2 | Killed Mara
 62027 | Depths:1 | Reached XP level 21. HP: 181/193 MP: 19/22
 62659 | Depths:1 | Reached skill level 27 in Shields
 63284 | Depths:2 | Found Fuvofu's Book Boutique.
 63410 | Depths:2 | Found Izxiguid's Antique Weapon Shop.
 63458 | Depths:2 | Found Isuesut's Antique Armour Emporium.
 63490 | Depths:2 | Got a smoking scimitar
 63491 | Depths:2 | Identified the +4 scimitar "Guk Yru" {freeze, +Inv rPois rF+} (You found it on level 2 of the Depths)
 63601 | Depths:2 | Found Axtucwir's Assorted Antiques.
 64256 | Depths:3 | Lost intelligence.
 64309 | Depths:3 | HP: 9/194 [azure jelly (glowing shapeshifter) (2)]
 64908 | Depths:3 | HP: 9/194 [crystal guardian (3)]
 64911 | Depths:3 | HP: 4/194 [crystal guardian/crystal bolt (16)]
 64916 | Depths:3 | Mangled by a war gargoyle

Action                   |  1- 3 |  4- 6 |  7- 9 | 10-12 | 13-15 | 16-18 | 19-21 || total
-------------------------+-------+-------+-------+-------+-------+-------+-------++-------
Melee: Long sword        |    97 |   213 |   460 |   633 |   516 |       |       ||  1919
       Scimitar          |       |       |       |   165 |   331 |   958 |   366 ||  1820
       Falchion          |       |       |       |       |   904 |   686 |       ||  1590
       Demon blade       |       |       |       |       |       |   882 |  2155 ||  3037
Invok: Heroism           |       |       |       |     2 |    11 |     6 |    20 ||    39
       Finesse           |       |       |       |       |       |       |     6 ||     6
 Abil: Evoke Flight      |       |       |       |       |       |     5 |       ||     5
Evoke: Wand              |       |       |       |       |       |     1 |       ||     1
  Use: Scroll            |       |       |    18 |    11 |     4 |    22 |     9 ||    64
       Potion            |       |       |       |     4 |     5 |     5 |    14 ||    28
 Stab: Distracted        |       |       |       |       |       |     1 |       ||     1
       Confused          |       |       |       |       |       |       |     3 ||     3
  Eat: Chunk             |     1 |     6 |    14 |    20 |    38 |    45 |    39 ||   163
       Beef jerky        |       |       |     1 |     2 |     2 |     3 |     1 ||     9
       Royal jelly       |       |       |       |       |     1 |     2 |       ||     3
       Pizza             |       |       |       |       |     1 |    11 |     1 ||    13
       Fruit             |       |       |       |       |       |       |    15 ||    15
       Bread ration      |       |       |       |       |       |       |     1 ||     1
